 Dungeon Crawl Stone Soup version 0.26-a0-1177-g1209ec82b9 (webtiles) character file.

Game seed: 17126873074103699258

653 uibert the Tainter (level 7, -5/41 HPs)
             Began as an Octopode Venom Mage on Dec 24, 2020.
             Shot with an arrow by a centaur (11 damage)
             ... on level 5 of the Dungeon.
             The game lasted 00:20:13 (6772 turns).

uibert the Tainter (Octopode Venom Mage)            Turns: 6772, Time: 00:20:14

Health: -5/41      AC:  1    Str:  9    XL:     7   Next: 54%
Magic:  5/11       EV: 13    Int: 18    God:
Gold:   322        SH:  0    Dex: 12    Spells: 5/11 levels left

rFire    . . .     SeeInvis +   o - +4 quarterstaff (chaos)
rCold    + . .     Faith    .   (shield currently unavailable)
rNeg     . . .     Spirit   .   (helmet restricted)
rPois    .         Reflect  .   (no amulet)
rElec    .         Harm     .   k - ring of see invisible
rCorr    .         Rampage  .   i - ring of protection from cold
Will     .....                  (no ring)
Stlth    +++.......             (no ring)
HPRegen  0.13/turn              (no ring)
MPRegen  0.12/turn              (no ring)
                                (no ring)
                                (no ring)

@: no status effects
A: almost no armour, stealthy swim, amphibious, 8 rings, constrict 8, camouflage
1, gelatinous body 1
a: no special abilities


You were on level 5 of the Dungeon.
You visited 1 branch of the dungeon, and saw 5 of its levels.

You collected 322 gold pieces.

Inventory:

Hand Weapons
 d - a +1 dagger
 e - a +0 dagger
 o - a +4 quarterstaff of chaos (weapon)
Missiles
 b - 263 stones
Jewellery
 i - a ring of protection from cold (right tentacle)
 k - a ring of see invisible (left tentacle)
Wands
 m - a wand of polymorph (5)
Scrolls
 g - 5 scrolls of identify
 j - 2 scrolls of teleportation
 n - a scroll of blinking {unknown}
 p - a scroll of fog {unknown}
 q - a scroll of fear {unknown}
Potions
 a - 2 potions of flight {unknown}
 c - a potion of attraction {unknown}
 f - 6 potions of heal wounds {unknown}
 h - 3 potions of curing {unknown}
 l - 2 potions of ambrosia {unknown}


   Skills:
 + Level 0.0 Fighting
 + Level 2.0 Dodging
 + Level 2.7 Stealth
 + Level 2.8 Spellcasting
 + Level 0.0 Conjurations
 - Level 1.0 Transmutations
 * Level 9.8 Poison Magic
 + Level 0.0 Evocations


You had 5 spell levels left.
You knew the following spells:

 Your Spells              Type           Power        Failure   Level
a - Sting                 Tmut/Pois      88%          1%          1
b - Poisonous Vapours     Pois/Air       40%          3%          2
c - Mephitic Cloud        Conj/Pois/Air  14%          13%         3

Your spell library contained the following spells:

 Spells                   Type           Power        Failure   Level
 Olgreb's Toxic Radiance  Pois           37%          3%          4
 Ignite Poison            Fire/Tmut/Pois 15%          12%         3


Dungeon Overview and Level Annotations

Branches:
Dungeon (5/15)
 Temple: D:4-7

Altars:
Elyvilon
Okawaru
Ru


Innate Abilities, Weirdness & Mutations

You cannot wear most types of armour.
You are very stealthy in the water. (Stealth+)
You are amphibious.
You can wear up to eight rings at the same time.
You can use your tentacles to constrict eight enemies at once.
Your skin changes colour to match your surroundings (Stealth+).
Your rubbery body absorbs attacks. (AC +1, EV +1)


Message History

Confirm with . or Enter, or press ? or * to list all spells.
Aiming: Sting (safe; 1% risk of failure)
Press: ? - help, Shift-Dir - straight line, f/p - centaur
Aim: a centaur, wielding a +0 shortbow and quivering 19 arrows (severely wounded, extremely poisoned, 15% to evade)
The sting hits the centaur but does no damage.
The centaur looks as sick as possible!
The centaur is severely wounded.
The centaur shoots an arrow.
The arrow hits you.
* * * LOW HITPOINT WARNING * * *
Casting: Sting (safe; 1% risk of failure)
Confirm with . or Enter, or press ? or * to list all spells.
Aiming: Sting (safe; 1% risk of failure)
Press: ? - help, Shift-Dir - straight line, f/p - centaur
Aim: a centaur, wielding a +0 shortbow and quivering 18 arrows (almost dead, extremely poisoned, 15% to evade)
The sting hits the centaur but does no damage.
The centaur looks as sick as possible!
The centaur is almost dead.
The centaur shoots an arrow.
The arrow closely misses you.
The centaur shoots an arrow.
The arrow hits you!
You die...

###+#.....##'####..###
................#..###
................+.....
................#.....
...............#.####
#####....##'#######
+...#....#....#
#(c.(....#....#
#...#@..[#....#
##(##...(#...##
#.c########### .....
........ #.........
###########


You could see a centaur (extremely poisoned).

Vanquished Creatures
  A phantom (D:4)
  An ogre (D:4)
  A scorpion (D:4)
  A howler monkey (D:4)
  2 orc priests
  Crazy Yiuf (D:4)
  2 orc wizards (D:3)
  A worker ant (D:4)
  Robin (D:3)
  4 adders
  4 gnolls (D:3)
  A white imp (D:5)
  An ufetubus (D:5)
  An adder skeleton (D:4)
  2 worms
  A dart slug (D:2)
  3 leopard geckos
  12 orcs
  4 bats
  2 giant cockroaches
  11 goblins
  11 hobgoblins
  20 jackals
  A ball python (D:3)
  5 frilled lizards
  7 kobolds
  10 rats
111 creatures vanquished.

Notes
Turn   | Place    | Note
-------+----------+-------------------------------------------
     0 | D:1      | uibert the Octopode Venom Mage began the quest for the Orb.
     0 | D:1      | Reached XP level 1. HP: 11/11 MP: 3/3
   166 | D:1      | Reached skill level 4 in Poison Magic
   185 | D:1      | Reached XP level 2. HP: 10/17 MP: 0/5
   236 | D:1      | Learned a level 2 spell: Poisonous Vapours
   919 | D:1      | Reached skill level 5 in Poison Magic
   919 | D:1      | Reached XP level 3. HP: 2/21 MP: 0/6
  1668 | D:2      | Found a sacrificial altar of Ru.
  1877 | D:2      | Reached XP level 4. HP: 27/27 MP: 2/7
  2091 | D:2      | Reached skill level 6 in Poison Magic
  2441 | D:2      | Found a white marble altar of Elyvilon.
  3299 | D:3      | Learned a level 3 spell: Mephitic Cloud
  3399 | D:3      | Reached XP level 5. HP: 31/31 MP: 0/8
  3595 | D:3      | Reached skill level 7 in Poison Magic
  3783 | D:3      | Noticed Robin
  3789 | D:3      | Killed Robin
  4183 | D:3      | Reached skill level 8 in Poison Magic
  4183 | D:3      | Reached XP level 6. HP: 18/36 MP: 2/9
  4720 | D:4      | Noticed a phantom
  4967 | D:4      | Reached skill level 9 in Poison Magic
  5070 | D:4      | Reached XP level 7. HP: 41/41 MP: 2/10
  5557 | D:4      | Found a runed translucent door.
  5558 | D:4      | Noticed Crazy Yiuf
  5568 | D:4      | Killed Crazy Yiuf
  6611 | D:5      | Entered Level 5 of the Dungeon
  6611 | D:5      | Found an iron altar of Okawaru.
  6772 | D:5      | Shot with an arrow by a centaur

Illustrated notes

Levels and vault maps discovered:
D:1:      erik_arrival_orb_chamber, layout_loops_ring, minmay_pentomino_p2
D:2:      cheibrodos_helix_gallery, layout_rooms,
          nicolae_overflow_crystal_walls, dk_vineyard_2, hangedman_ru_absence
D:3:      layout_loops_corners, uniq_robin
D:4:      layout_loops_cross, kennysheep_decorative_pillar,
          uniq_crazy_yiuf_cottage
D:5:      layout_gridville, okawaru_ov_weapons_minmay

Skill      XL: |  1  2  3  4  5  6 |
---------------+-------------------+-----
Poison Magic   | 4 5 6 8 9 |  9.8
Dodging        | |  2.0
Stealth        | |  2.7
Spellcasting   | |  2.8
Transmutations | |  1.0

Action                   |  1- 3 |  4- 6 |  7- 9 || total
-------------------------+-------+-------+-------++-------
Melee: Unarmed           |     4 |       |       ||     4
       Constrict         |     6 |    17 |     7 ||    30
       Dagger            |    15 |    63 |    11 ||    89
       Tentacles         |     4 |    11 |     3 ||    18
       Quarterstaff      |       |       |    15 ||    15
 Cast: Sting             |    15 |    23 |    19 ||    57
       Poisonous Vapours |    30 |    56 |    11 ||    97
  Use: Scroll            |     1 |     3 |       ||     4
Armor: Skin              |     3 |     2 |       ||     5
Dodge: Dodged            |    18 |    24 |    22 ||    64

Table legend: (Time is in decaauts)
 A = Elapsed time spent in this place.
 B = Non-inter-level travel time spent in this place.
 C = Inter-level travel time spent in this place.
 D = Time resting spent in this place.
 E = Time spent auto-exploring this place.
 F = Levels seen in this place.
 G = Mean time per level.
                   A        B        C        D        E       F      G
               +--------+--------+--------+--------+--------+-----+--------+
         Total |   6773 |   6514 |    259 |   2333 |   3326 |   5 | 1354.6 |
       Dungeon |   6773 |   6514 |    259 |   2333 |   3326 |   5 | 1354.6 |
               +--------+--------+--------+--------+--------+-----+--------+

Top non-repeatable levels by time:
     D:3: 1940 daAuts
     D:4: 1843 daAuts
     D:1: 1501 daAuts
     D:2: 1325 daAuts
     D:5: 162 daAuts
